[Event "Titled Tuesday Blitz March 14 Early 2023"]
[White "Bas Mas, Jose Joaquin"]
[Black "Kalajzic, Ivan"]
[WhiteFideId "22219064"]
[BlackFideId "14506378"]
[WhiteElo "2233"]
[BlackElo "2203"]
[Result "1-0"]
[Round "09"]
[TimeControl "180+2"]
[Date "2023.03.14"]
[WhiteClock "0:00:36"]
[BlackClock "0:00:01"]

1. e4 Nc6 2. d4 d5 3. e5 f6 4. f4 Bf5 5. Nc3 e6 6. a3 Be4 7. Nxe4 dxe4 8. c3 a6 9. Bc4 Qd7 10. Ne2 Nh6 11. O-O f5 12. b4 Be7 13. Be3 Nd8 14. h3 c6 15. a4 O-O 16. Qb3 Kh8 17. Kh1 Rc8 18. a5 Nhf7 19. g4 g6 20. Rg1 Re8 21. Rg2 Nh6 22. Rag1 Bh4 23. g5 Nhf7 24. Qd1 Rg8 25. Bf2 Bxf2 26. Rxf2 h5 27. h4 Kg7 28. Kg2 Qc7 29. Ng3 Rh8 30. Nf1 Ra8 31. Ne3 b5 32. axb6 Qxb6 33. Ra2 Nb7 34. Bxe6 Nfd8 35. Nxf5+ gxf5 36. Bxf5 a5 37. Bxe4 Ne6 38. Qf3 axb4 39. Rf2 Rhf8 40. f5 Nxd4 41. f6+ Kf7 42. Qxh5+ Ke6 43. Qg4+ Kxe5 44. Rf5+ Nxf5 45. Qxf5+ Kd6 46. Rd1+ Kc7 47. Qe5+ Nd6 48. Qxd6+ Kb7 49. Qd7+ Qc7 50. Bxc6+ Kb6 51. cxb4 Ra2+ 52. Kf3 Qxc6+ 53. Qxc6+ Kxc6 54. Kg4 Rb8 55. f7 Rxb4+ 56. Kh5 Rf2 57. g6 Rff4 58. Kg5 Rg4+ 59. Kf6 Rbf4+ 60. Kg7 Rxh4 61. f8=Q Rxf8 62. Kxf8 Rf4+ 63. Kg8 Kc7 64. g7 Kc8 65. Rh1 Kd7 66. Kh8 Rg4 67. g8=Q 1-0


[Site "https://www.chess.com"]

[Event "Titled Tuesday Blitz March 14 Early 2023"]
[White "Fabris, Alberto"]
[Black "Fathy, Elameir"]
[WhiteFideId "801348"]
[BlackFideId "10600396"]
[WhiteElo "2198"]
[BlackElo "2311"]
[Result "1-0"]
[Round "09"]
[TimeControl "180+2"]
[Date "2023.03.14"]
[WhiteClock "0:00:37"]
[BlackClock "0:00:01"]

1. e4 c6 2. d4 d5 3. e5 Bf5 4. Ne2 e6 5. Ng3 Bg6 6. h4 h6 7. h5 Bh7 8. Bd3 Bxd3 9. cxd3 Qb6 10. Be3 Qxb2 11. Nd2 Bb4 12. Ne2 Ne7 13. Rb1 Qa3 14. O-O b6 15. Rb3 Qa5 16. Ng3 Bxd2 17. Bxd2 Qxa2 18. Bb4 Qa4 19. f4 c5 20. dxc5 Nbc6 21. Ba3 Nd4 22. Rb4 Qxd1 23. Rxd1 Nc2 24. Ra4 Nxa3 25. Rxa3 bxc5 26. Rc1 O-O 27. Rxc5 Rfb8 28. Rc7 Rb1+ 29. Kh2 Nc8 30. f5 Rb6 31. f6 a5 32. fxg7 Kxg7 33. Ne2 a4 34. Nd4 Na7 35. Rxa4 1-0


[Site "https://www.chess.com"]

[Event "Titled Tuesday Blitz March 14 Early 2023"]
[White "Larina, Maria"]
[Black "Sarkar, Justin"]
[WhiteFideId "24113182"]
[BlackFideId "2010011"]
[WhiteElo "1848"]
[BlackElo "2189"]
[Result "1-0"]
[Round "09"]
[TimeControl "180+2"]
[Date "2023.03.14"]
[WhiteClock "0:00:24"]
[BlackClock "0:00:04"]

1. e4 e5 2. Nf3 Nc6 3. Nc3 Nf6 4. Bb5 Bb4 5. O-O O-O 6. d3 Bxc3 7. bxc3 d6 8. Bg5 Bg4 9. h3 Bh5 10. Qe2 h6 11. Bh4 g5 12. Bg3 Ne7 13. d4 Ng6 14. Qe3 Qe7 15. Rfe1 Nf4 16. Kh2 c6 17. Bf1 Bg6 18. Nd2 h5 19. Bxf4 gxf4 20. Qe2 Kg7 21. g3 fxg3+ 22. fxg3 h4 23. Qf3 hxg3+ 24. Qxg3 Rae8 25. Bg2 Nh5 26. Qf2 Nf4 27. Bf3 Rh8 28. Bg4 Qg5 29. Rg1 Qh6 30. Rg3 Reg8 31. dxe5 dxe5 32. Nf3 1-0


[Site "https://www.chess.com"]

[Event "Titled Tuesday Blitz March 14 Early 2023"]
[White "Sadubayev, Airat"]
[Black "Smith, Garrett L"]
[WhiteFideId "13713264"]
[BlackFideId "2024829"]
[WhiteElo "2129"]
[BlackElo "2259"]
[Result "0-1"]
[Round "09"]
[TimeControl "180+2"]
[Date "2023.03.14"]
[WhiteClock "0:00:06"]
[BlackClock "0:00:20"]

1. d4 Nf6 2. c4 g6 3. Nc3 d5 4. cxd5 Nxd5 5. e4 Nxc3 6. bxc3 Bg7 7. Nf3 c5 8. Be3 Qa5 9. Qd2 O-O 10. Be2 Nd7 11. O-O Nf6 12. Bd3 Rd8 13. Rab1 b6 14. Rb5 Qa3 15. Rb3 Qa5 16. Rb5 Qa3 17. e5 Nd5 18. Rb3 Qa5 19. c4 Qxd2 20. Bxd2 Nc7 21. d5 Bg4 22. Bf4 Na6 23. Be4 h6 24. d6 exd6 25. Bxa8 Rxa8 26. exd6 Be6 27. Nd2 g5 28. Bg3 Nb4 29. a3 Nc2 30. Rd3 Nd4 31. Re1 Rd8 32. h3 a6 33. Kh2 b5 34. Rc1 Ne2 35. Rc2 Bf5 36. Re3 Bxc2 37. Rxe2 Bd3 38. Re4 Bxe4 39. Nxe4 Bd4 40. cxb5 axb5 41. f3 b4 42. axb4 cxb4 43. Be1 b3 44. Nc3 b2 45. Nb1 Rxd6 46. Bb4 Rc6 47. Be7 Rc1 48. Na3 b1=Q 49. Nxb1 Rxb1 50. Kg3 Rb6 51. Kg4 Rg6 52. Ba3 Kg7 53. Kf5 Rf6+ 54. Ke4 Bb6 55. Kd5 h5 56. Bb2 Kg6 57. Bxf6 Kxf6 58. Ke4 Bc7 59. Ke3 Kf5 60. Kf2 h4 61. Ke2 Kf4 62. Kf2 Bb6+ 63. Ke2 Kg3 64. Kf1 Bc5 65. Ke2 Kxg2 66. Kd3 Kxf3 67. Kc4 g4 68. hxg4 Kxg4 69. Kxc5 h3 70. Kd4 h2 71. Ke3 h1=Q 72. Kf2 Qf3+ 73. Ke1 Qg2 74. Kd1 Qf2 75. Kc1 Qe2 76. Kb1 Qd2 77. Ka1 f5 78. Kb1 f4 79. Ka1 f3 80. Kb1 f2 81. Ka1 f1=R# 0-1


[Site "https://www.chess.com"]

[Event "Titled Tuesday Blitz March 14 Early 2023"]
[White "Clawitter, Craig"]
[Black "Bilan, Danila"]
[WhiteFideId "2023105"]
[BlackFideId "24161918"]
[WhiteElo "2246"]
[BlackElo "2182"]
[Result "1-0"]
[Round "09"]
[TimeControl "180+2"]
[Date "2023.03.14"]
[WhiteClock "0:00:03"]
[BlackClock "0:00:16"]

1. e4 c6 2. d4 d5 3. e5 c5 4. dxc5 Nc6 5. Nf3 Bg4 6. a3 e6 7. Be3 Bxf3 8. Qxf3 Nxe5 9. Qg3 Nd7 10. c4 Ngf6 11. Nc3 Qb8 12. cxd5 Qxg3 13. hxg3 Bxc5 14. dxe6 fxe6 15. Bxc5 Nxc5 16. Bb5+ Ke7 17. O-O-O Rhd8 18. f3 h6 19. Rhe1 Rac8 20. Kb1 Nb3 21. Rxd8 Rxd8 22. Ba4 Nd4 23. Rd1 a6 24. Bc2 Rd6 25. Ne4 Nxe4 26. Bxe4 b5 27. Rd3 e5 28. f4 Ne6 29. fxe5 Rxd3 30. Bxd3 Nc5 31. Bf5 Nd7 32. Bxd7 Kxd7 33. Kc2 Ke6 34. Kc3 Kxe5 35. Kb4 g6 36. Ka5 b4 37. Kxb4 Ke4 38. Ka5 Ke3 39. Kxa6 Kf2 40. b4 Kxg3 41. b5 Kxg2 42. b6 h5 43. b7 h4 44. b8=Q h3 45. Qb7+ Kg3 46. Qh1 g5 47. Kb5 g4 48. a4 Kh4 49. a5 g3 50. a6 g2 51. Qh2 Kg4 52. a7 g1=Q 53. Qxg1+ Kh4 54. a8=Q h2 1-0


[Site "https://www.chess.com"]

[Event "Titled Tuesday Blitz March 14 Early 2023"]
[White "Kraus, Tomas"]
[Black "Martin, Lewis"]
[WhiteFideId "331708"]
[BlackFideId "410551"]
[WhiteElo "2389"]
[BlackElo "2145"]
[Result "0-1"]
[Round "09"]
[TimeControl "180+2"]
[Date "2023.03.14"]
[WhiteClock "0:00:10"]
[BlackClock "0:00:15"]

1. e4 c5 2. Nc3 Nc6 3. f4 e6 4. Nf3 Nf6 5. d3 d5 6. e5 d4 7. exf6 dxc3 8. fxg7 Bxg7 9. b3 b5 10. g3 Bb7 11. Bg2 Ne7 12. O-O O-O 13. Be3 Qc7 14. Ng5 Bxg2 15. Kxg2 Nf5 16. Bf2 h6 17. Ne4 c4 18. g4 Ne7 19. Bc5 Rfd8 20. Rf3 Ng6 21. f5 exf5 22. gxf5 Nh4+ 23. Kf2 Qxh2+ 24. Ke3 Nxf3 25. Qxf3 cxd3 26. Rh1 dxc2 27. f6 Qxh1 28. Qg4 Qe1+ 29. Kf3 Rd3+ 30. Kg2 Rd2+ 31. Nf2 Rxf2+ 32. Bxf2 Qe4+ 33. Qxe4 c1=Q 34. Qg4 Qg5 35. Qxg5 hxg5 36. Kf3 Bxf6 37. Kg4 Be5 38. Kf5 Bd4 39. Bxd4 c2 40. Be3 c1=Q 41. Bxc1 Rc8 42. Bxg5 Rc2 43. Bf6 Rxa2 44. b4 Ra4 45. Be7 a5 46. bxa5 Rxa5 47. Ke5 Ra1 48. Kd4 Re1 49. Bd6 Re6 50. Bb4 Kh7 51. Kc5 Kg6 52. Kxb5 f5 53. Kc4 Re4+ 54. Kb3 Rxb4+ 55. Kxb4 Kg5 56. Kc3 Kf4 57. Kd2 Kg3 58. Ke2 Kg2 59. Ke3 Kg3 60. Ke2 f4 61. Kf1 Kf3 62. Ke1 Kg2 0-1


[Site "https://www.chess.com"]

[Event "Titled Tuesday Blitz March 14 Early 2023"]
[White "Simonovic, Miroslav"]
[Black "MunichMouse"]
[WhiteFideId "919152"]
[WhiteElo "2042"]
[BlackElo "2290"]
[Result "1/2-1/2"]
[Round "09"]
[TimeControl "180+2"]
[Date "2023.03.14"]
[WhiteClock "0:00:41"]
[BlackClock "0:00:15"]

1. d4 Nf6 2. Bg5 d5 3. Bxf6 gxf6 4. e3 c5 5. c4 cxd4 6. Qxd4 Be6 7. cxd5 Qxd5 8. Qxd5 Bxd5 9. Nc3 Bc6 10. O-O-O Rg8 11. e4 e6 12. g3 Nd7 13. Bg2 O-O-O 14. Nge2 Bc5 15. Nd4 Bxd4 16. Rxd4 Ne5 17. Rhd1 Rxd4 18. Rxd4 Ng4 19. f3 Nxh2 20. Ne2 f5 21. Kd2 fxe4 22. fxe4 Bb5 23. e5 Bxe2 24. Kxe2 Rxg3 25. Be4 Ng4 26. Rc4+ Kb8 27. Bxh7 Nxe5 28. Rc5 Nd3 29. Bxd3 Rg2+ 30. Ke3 Rxb2 31. a4 Ra2 32. Bb5 a6 33. Be8 f6 34. Bd7 e5 35. Rc8+ Ka7 36. Rf8 Kb6 37. Rxf6+ Kc7 38. Rf7 Kd6 39. Be8 Rb2 40. Rd7+ Ke6 41. Rc7 Rb3+ 42. Kd2 Kd6 43. Rh7 Rb4 44. Kc3 Rb1 45. Bg6 Ra1 46. Kb3 Kd5 47. Rxb7 e4 48. Rd7+ Kc6 49. Re7 Rb1+ 50. Ka2 Rb4 51. Bxe4+ Kd6 52. Ka3 Rxa4+ 53. Kxa4 Kxe7 54. Ka5 Kd6 55. Bd3 Ke5 56. Bxa6 1/2-1/2


[Site "https://www.chess.com"]

[Event "Titled Tuesday Blitz March 14 Early 2023"]
[White "Wilson, Elvin"]
[Black "Kiseleva, Arina"]
[WhiteFideId "2014874"]
[BlackFideId "4164989"]
[WhiteElo "2272"]
[BlackElo "1756"]
[Result "1-0"]
[Round "09"]
[TimeControl "180+2"]
[Date "2023.03.14"]
[WhiteClock "0:00:10"]
[BlackClock "0:00:03"]

1. c4 e5 2. Nc3 Bb4 3. e4 Nc6 4. g3 Nge7 5. Bg2 d6 6. Nge2 Bg4 7. h3 Be6 8. d3 Qd7 9. Be3 O-O 10. a3 Bxc3+ 11. Nxc3 Nd4 12. f4 f5 13. Nd5 fxe4 14. dxe4 c5 15. f5 Bxd5 16. cxd5 Qb5 17. Rb1 Qc4 18. Rc1 Qb5 19. Rb1 Kh8 20. Bf1 Qa5+ 21. Kf2 Nexf5 22. exf5 Rxf5+ 23. Kg2 Raf8 24. Bd3 Rf3 25. Rf1 Rxf1 26. Bxf1 c4 27. Bxc4 Qc5 28. b3 b5 29. Bxd4 exd4 30. Be2 Qxd5+ 31. Bf3 Qe5 32. Rc1 Qe3 33. Rc2 Qxb3 34. Rd2 d3 35. Qxb3 1-0


[Site "https://www.chess.com"]

[Event "Titled Tuesday Blitz March 14 Early 2023"]
[White "Necula, Iulian"]
[Black "Zaichenko, Daria"]
[WhiteFideId "1232380"]
[BlackFideId "4197453"]
[WhiteElo "1790"]
[BlackElo "2039"]
[Result "1/2-1/2"]
[Round "09"]
[TimeControl "180+2"]
[Date "2023.03.14"]
[WhiteClock "0:00:05"]
[BlackClock "0:00:06"]

1. d4 d5 2. Nc3 Bf5 3. Bf4 c6 4. e3 Nf6 5. f3 h5 6. h4 e6 7. Nge2 Bd6 8. g3 Qc7 9. Qd2 Nbd7 10. O-O-O O-O-O 11. e4 Bxf4 12. Qxf4 Qxf4+ 13. Nxf4 dxe4 14. fxe4 Nxe4 15. Nxe4 Bxe4 16. Rg1 Nf6 17. c3 Ng4 18. Re1 Bf5 19. Bd3 Bxd3 20. Nxd3 g6 21. Rgf1 Rhf8 22. Ne5 Nxe5 23. Rxe5 Kc7 24. a4 Kd6 25. Re2 Rde8 26. Ref2 f5 27. a5 c5 28. Rd2 Re7 29. Re1 cxd4 30. Rxd4+ Kc6 31. b4 b5 32. Re5 a6 33. Rc5+ Kb7 34. Rd6 e5 35. Rcc6 Ka8 36. Rxa6+ Ra7 37. Rxg6 f4 38. Raf6 Raf7 39. Rxf7 Rxf7 40. gxf4 exf4 41. Kd1 f3 42. Ke1 Rf4 43. Kf2 Rxh4 44. Kxf3 Rh3+ 45. Rg3 Rh2 46. Rg5 h4 47. Rxb5 h3 48. Kg3 Rh1 49. Rh5 Rc1 50. Rxh3 Rxc3+ 51. Kg2 Rc4 52. Rb3 Ka7 53. Kf2 Ka6 54. Ke2 Kb5 55. Kd3 Rc6 56. Rb2 Rc7 57. Kd4 Rc8 58. Kd5 Rd8+ 59. Ke6 Rd4 60. Ke7 Rd3 61. Ke8 Rd6 62. Ke7 Rd4 63. Ke6 Rd8 64. Ke5 Rd7 65. Ke4 Rd6 66. Rb3 Rd7 67. Rd3 Re7+ 68. Kd4 Rc7 69. Rc3 Rd7+ 70. Ke3 Re7+ 71. Kd2 Kxb4 72. Rc6 Kxa5 73. Kc3 Kb5 74. Rc8 Kb6 75. Rc4 Kb5 76. Rc8 Kb6 77. Rc4 Kb5 78. Rc8 1/2-1/2


[Site "https://www.chess.com"]

[Event "Titled Tuesday Blitz March 14 Early 2023"]
[White "Levitan, Caleb Levi"]
[Black "Comas Fabrego, Lluis"]
[WhiteFideId "14332620"]
[BlackFideId "2200325"]
[WhiteElo "1963"]
[BlackElo "2523"]
[Result "1-0"]
[Round "09"]
[TimeControl "180+2"]
[Date "2023.03.14"]
[WhiteClock "0:00:19"]
[BlackClock "0:00:11"]

1. b3 d5 2. Bb2 Bf5 3. g3 Nf6 4. Bg2 e6 5. d3 h6 6. Nf3 Be7 7. Nbd2 c6 8. O-O Nbd7 9. Re1 O-O 10. e4 dxe4 11. dxe4 Bg4 12. h3 Bxf3 13. Nxf3 Bb4 14. c3 Bc5 15. Qe2 e5 16. Rad1 Qc7 17. b4 Be7 18. a3 a5 19. Nh4 g6 20. Bc1 Kh7 21. Qd2 g5 22. Nf5 Rad8 23. Nxe7 Nb6 24. Qe3 Nc4 25. Qc5 axb4 26. Qxc4 Qxe7 27. axb4 Ra8 28. Be3 Rfe8 29. Bc5 Qc7 30. Bd6 b5 31. Qb3 Qb7 32. c4 Kg6 33. c5 Ra4 34. Qf3 Rea8 35. Qf5+ Kg7 36. Bxe5 Qe7 37. Rd6 1-0


[Site "https://www.chess.com"]

[Event "Titled Tuesday Blitz March 14 Early 2023"]
[White "Alahakoon, Isuru"]
[Black "Kornyukov, Alexey"]
[WhiteFideId "9900993"]
[BlackFideId "4150457"]
[WhiteElo "1995"]
[BlackElo "2352"]
[Result "1-0"]
[Round "09"]
[TimeControl "180+2"]
[Date "2023.03.14"]
[WhiteClock "0:01:37"]
[BlackClock "0:00:31"]

1. Nf3 d5 2. e3 c5 3. b3 Nc6 4. Bb2 Nf6 5. Bb5 a6 6. Bxc6+ bxc6 7. O-O Bg4 8. d3 e6 9. Nbd2 Bd6 10. Qe1 O-O 11. Ne5 Qc7 12. f4 Bh5 13. c4 Nd7 14. Nxd7 Qxd7 15. e4 d4 16. e5 Be7 17. Ne4 Bg6 18. Ba3 Bxe4 19. Qxe4 f5 20. Qf3 a5 21. Rab1 a4 22. b4 cxb4 23. Bxb4 Bxb4 24. Rxb4 Rfb8 25. Rfb1 Rxb4 26. Rxb4 Qc7 27. h3 Rb8 28. Rxb8+ Qxb8 29. Qxc6 Qb1+ 30. Kh2 g6 31. Qxe6+ Kf8 32. Qf6+ Kg8 33. e6 Qf1 34. Qf7+ Kh8 35. Qf8# 1-0


[Site "https://www.chess.com"]

[Event "Titled Tuesday Blitz March 14 Early 2023"]
[White "Allam, Yara"]
[Black "Barria Santos, Jose Guilherme"]
[WhiteFideId "10615709"]
[BlackFideId "1939300"]
[WhiteElo "1758"]
[BlackElo "2301"]
[Result "1-0"]
[Round "09"]
[TimeControl "180+2"]
[Date "2023.03.14"]
[WhiteClock "0:01:00"]
[BlackClock "0:00:34"]

1. e4 c5 2. Nf3 d6 3. d4 cxd4 4. Nxd4 Nf6 5. Nc3 a6 6. Be3 e5 7. Nb3 Be7 8. f3 Be6 9. Qd2 h5 10. O-O-O Nbd7 11. g3 Rc8 12. h3 b5 13. Be2 Nb6 14. g4 Nfd7 15. f4 Nc4 16. Bxc4 bxc4 17. Na1 Qa5 18. f5 Bxf5 19. gxf5 Nc5 20. Bxc5 Rxc5 21. Kb1 O-O 22. Nd5 Qd8 23. Nxe7+ Qxe7 24. Qxd6 Qa7 25. f6 Rb8 26. fxg7 c3 27. Nb3 Rcb5 28. Qh6 f6 29. Qxf6 a5 30. Qe6+ Kh7 31. Rd7 Qxd7 32. Qxd7 a4 33. g8=Q+ Kxg8 34. Rg1+ Kf8 35. Rf1+ Kg8 36. Qe6+ Kh8 37. Rg1 R5b6 38. Qxe5+ Kh7 39. Qxh5+ Rh6 40. Qf7+ Kh8 41. Qg7# 1-0


[Site "https://www.chess.com"]

[Event "Titled Tuesday Blitz March 14 Early 2023"]
[White "Nakamura, Hikaru"]
[Black "Dubov, Daniil"]
[WhiteFideId "2016192"]
[BlackFideId "24126055"]
[WhiteElo "2879"]
[BlackElo "2802"]
[Result "1/2-1/2"]
[Round "10"]
[TimeControl "180+2"]
[Date "2023.03.14"]
[WhiteClock "0:00:07"]
[BlackClock "0:00:06"]

1. Nf3 d5 2. g3 g6 3. Bg2 Bg7 4. d3 Nf6 5. Nbd2 O-O 6. O-O Nc6 7. e4 e5 8. Re1 Re8 9. a3 a5 10. b3 h6 11. Bb2 d4 12. a4 Be6 13. Nc4 Nd7 14. Rf1 Nb6 15. Ne1 Nxc4 16. dxc4 Nb4 17. Ba3 Bf8 18. Bxb4 Bxb4 19. Nd3 Qd6 20. f4 Bd7 21. Qf3 exf4 22. e5 Qe7 23. gxf4 Bd2 24. Qxb7 Be3+ 25. Kh1 Bf5 26. Qf3 Qh4 27. Rad1 Rab8 28. Qg3 Qe7 29. Bh3 Be4+ 30. Bg2 Bf5 31. Rfe1 Kh7 32. Re2 Rg8 33. Rf1 g5 34. fxg5 Rxg5 35. Qh4 Rbg8 36. Ne1 Qe6 37. c3 c5 38. b4 Rg4 39. Qf6 Qxf6 40. exf6 Be6 41. h3 Rg3 42. Bd5 Rxh3+ 43. Rh2 Rhg3 44. Be4+ Kh8 45. Ng2 Bg5 46. cxd4 Bxc4 47. Rf5 cxd4 48. bxa5 Re8 49. Rxg5 Rxg5 50. Rxh6+ Kg8 51. Bh7+ Kf8 52. Nf4 d3 53. Bxd3 Bxd3 54. Nxd3 Rg6 55. Rh8+ Rg8 56. Rh5 Re3 57. Ne5 Re1+ 58. Kh2 Re2+ 59. Kh3 Re3+ 60. Kh2 Re4 61. a6 Re2+ 62. Kh3 Re3+ 63. Kh2 Re2+ 64. Kh1 Re1+ 65. Kh2 Re2+ 1/2-1/2


[Site "https://www.chess.com"]

[Event "Titled Tuesday Blitz March 14 Early 2023"]
[White "Matlakov, Maxim"]
[Black "Le, Tuan Minh"]
[WhiteFideId "4168003"]
[BlackFideId "12401153"]
[WhiteElo "2666"]
[BlackElo "2558"]
[Result "1/2-1/2"]
[Round "10"]
[TimeControl "180+2"]
[Date "2023.03.14"]
[WhiteClock "0:00:15"]
[BlackClock "0:00:08"]

1. d4 d5 2. c4 c6 3. Nf3 Nf6 4. g3 Bf5 5. Nc3 e6 6. Qb3 Qc8 7. Nh4 Be4 8. f3 dxc4 9. Qxc4 Bd5 10. Qd3 c5 11. e4 cxd4 12. Nxd5 exd5 13. e5 Nfd7 14. f4 Nc6 15. Bg2 Bb4+ 16. Bd2 Nc5 17. Qe2 Bxd2+ 18. Qxd2 O-O 19. O-O Qd7 20. Rac1 Ne4 21. Qe2 Rfd8 22. Rfd1 Rac8 23. Bxe4 dxe4 24. Qxe4 Qe6 25. a3 g6 26. Nf3 d3 27. Rxd3 Rxd3 28. Qxd3 Rd8 29. Qe2 Qb3 30. Re1 Rd3 31. Kg2 Nd4 32. Nxd4 Rxd4 33. e6 fxe6 34. Qxe6+ Qxe6 35. Rxe6 Rd2+ 36. Kh3 Kf7 37. Re4 Rxb2 38. Rc4 h5 39. Rc7+ Kf6 40. a4 a5 41. g4 hxg4+ 42. Kxg4 Rb4 43. h4 Rxa4 44. Rxb7 Ra1 45. Rb6+ Kf7 46. Rb7+ Kf6 47. Rb6+ Kf7 48. Ra6 a4 49. Ra7+ Kf6 50. Ra6+ Kf7 51. Ra7+ Kf6 52. Ra6+ Kf7 1/2-1/2


[Site "https://www.chess.com"]

[Event "Titled Tuesday Blitz March 14 Early 2023"]
[White "Lobanov, Sergei"]
[Black "Lazavik, Denis"]
[WhiteFideId "24183750"]
[BlackFideId "13515110"]
[WhiteElo "2489"]
[BlackElo "2560"]
[Result "0-1"]
[Round "10"]
[TimeControl "180+2"]
[Date "2023.03.14"]
[WhiteClock "0:00:04"]
[BlackClock "0:00:10"]

1. d4 f5 2. c4 Nf6 3. Nc3 d6 4. g3 g6 5. Bg2 Bg7 6. Nf3 O-O 7. b3 c6 8. Bb2 Qc7 9. d5 Ne4 10. Rc1 Qa5 11. Qd3 Na6 12. O-O Nb4 13. Qe3 Nxa2 14. Nxe4 Bxb2 15. Neg5 Nxc1 16. Qxe7 Bg7 17. Rxc1 Qd8 18. Qe3 Re8 19. Qd2 c5 20. h4 Qe7 21. e3 Bd7 22. Ne6 Rac8 23. Nfg5 Bf6 24. Nh3 Be5 25. h5 gxh5 26. Qe2 Qf7 27. Bf3 Qf6 28. Bxh5 Re7 29. f4 Bb2 30. Rc2 Ba3 31. Ra2 Bb4 32. Rxa7 Bxe6 33. dxe6 Qxe6 34. Bf3 Qxe3+ 35. Qxe3 Rxe3 36. Bd5+ Kh8 37. Kf2 Rce8 38. Ng5 Re2+ 39. Kg1 Rb2 40. Ne6 Rb8 41. Bxb7 Rxb3 42. Kh2 Be1 43. Bd5 Bxg3+ 44. Kg2 Bh4 45. Rf7 Rg3+ 46. Kf1 Rb1+ 47. Ke2 Rb2+ 48. Kf1 Rg8 49. Rxf5 Rf2+ 50. Ke1 Rg1# 0-1


[Site "https://www.chess.com"]

[Event "Titled Tuesday Blitz March 14 Early 2023"]
[White "Xu, Xiangyu"]
[Black "So, Wesley"]
[WhiteFideId "8608288"]
[BlackFideId "5202213"]
[WhiteElo "2477"]
[BlackElo "2739"]
[Result "1/2-1/2"]
[Round "10"]
[TimeControl "180+2"]
[Date "2023.03.14"]
[WhiteClock "0:00:32"]
[BlackClock "0:00:05"]

1. d4 d5 2. Nf3 Nf6 3. c4 e6 4. g3 Bb4+ 5. Nbd2 dxc4 6. a3 Bxd2+ 7. Bxd2 b5 8. a4 c6 9. b3 cxb3 10. Qxb3 bxa4 11. Qa3 Bb7 12. Bg2 Nbd7 13. Ne5 Nxe5 14. dxe5 Nd7 15. O-O Qc7 16. Rab1 Rb8 17. Rb2 c5 18. Qxa4 Bxg2 19. Rxb8+ Qxb8 20. Kxg2 Qb7+ 21. Kg1 O-O 22. Ra1 Ra8 23. Be3 a5 24. Rd1 Nf8 25. Bxc5 h5 26. Bxf8 Kxf8 27. Rd7 Qb1+ 28. Kg2 Kg8 29. Qf4 Qf5 30. Qxf5 exf5 31. Rd3 a4 32. Ra3 Kf8 33. Kf3 Ke7 34. e4 Ke6 35. Kf4 g5+ 36. Kxg5 fxe4 37. Kf4 Kd5 38. h3 Kc4 39. Kxe4 Kb4 40. Ra1 a3 41. g4 hxg4 42. hxg4 a2 43. f4 Kc3 44. Kf5 Ra6 45. e6 fxe6+ 46. Ke5 Kb2 47. Rxa2+ Kxa2 48. g5 Kb3 49. g6 Ra1 50. Kxe6 Rg1 51. Kf7 Kc4 52. g7 Kd5 53. g8=Q Rxg8 54. Kxg8 Ke4 55. Kh8 Kf5 56. Kg8 Kxf4 1/2-1/2


[Site "https://www.chess.com"]

[Event "Titled Tuesday Blitz March 14 Early 2023"]
[White "Firouzja, Alireza"]
[Black "Daneshvar, Bardiya"]
[WhiteFideId "12573981"]
[BlackFideId "12576468"]
[WhiteElo "2904"]
[BlackElo "2468"]
[Result "0-1"]
[Round "10"]
[TimeControl "180+2"]
[Date "2023.03.14"]
[WhiteClock "0:02:50"]
[BlackClock "0:02:15"]

1. d4 Nf6 2. c3 d5 3. Nd2 Bf5 4. Qb3 Qc8 5. Ngf3 e6 6. c4 a5 7. cxd5 exd5 8. e3 a4 9. Qc3 Bd6 10. Bd3 Nc6 11. O-O O-O 12. a3 Re8 13. Qc2 Bxd3 14. Qxd3 Ne4 15. Nb1 Na5 16. Nc3 Nxc3 17. Qxc3 Nb3 18. Rb1 Qf5 19. Bd2 Ra6 0-1


[Site "https://www.chess.com"]

[Event "Titled Tuesday Blitz March 14 Early 2023"]
[White "Martinez Alcantara, Jose Eduardo"]
[Black "Yu, Yangyi"]
[WhiteFideId "3805662"]
[BlackFideId "8603820"]
[WhiteElo "2712"]
[BlackElo "2783"]
[Result "1-0"]
[Round "10"]
[TimeControl "180+2"]
[Date "2023.03.14"]
[WhiteClock "0:00:15"]
[BlackClock "0:00:02"]

1. e4 c5 2. Nf3 d6 3. c3 Nf6 4. h3 Bd7 5. Bd3 Bc6 6. Qe2 Nbd7 7. O-O Ne5 8. Nxe5 dxe5 9. Bc2 e6 10. d3 Bd6 11. Nd2 O-O 12. a4 b6 13. Nc4 Bc7 14. Bg5 h6 15. Bh4 g5 16. Bg3 Nd7 17. Rad1 Rc8 18. Rfe1 Qe7 19. Bb3 Kg7 20. f3 Rfd8 21. Kh1 f6 22. Ne3 Nf8 23. Bh2 Ng6 24. Qc2 Qe8 25. Ra1 a6 26. Bc4 b5 27. axb5 axb5 28. Bb3 Ra8 29. Rad1 Nf4 30. g3 Ng6 31. Qg2 Bb6 32. Bg1 Kh7 33. Bf2 Qe7 34. h4 gxh4 35. Qh3 hxg3 36. Ng4 Rh8 37. Be3 Nf4 38. Qxg3 h5 39. Qh4 Kg7 40. Nxe5 Ng6 41. Rg1 Be8 42. Nxg6 Bxg6 43. Qg3 Qe8 44. Bxe6 Kh7 45. Bf5 Rg8 46. Qh3 Bxf5 47. Qxf5+ Rg6 48. Qxh5+ Kg7 49. Bh6+ Kh7 50. Bf8+ Kg8 51. Rxg6+ Kf7 52. Rh6+ 1-0


[Site "https://www.chess.com"]

[Event "Titled Tuesday Blitz March 14 Early 2023"]
[White "Bortnyk, Olexandr"]
[Black "Wei, Yi"]
[WhiteFideId "14120828"]
[BlackFideId "8603405"]
[WhiteElo "2734"]
[BlackElo "2686"]
[Result "1-0"]
[Round "10"]
[TimeControl "180+2"]
[Date "2023.03.14"]
[WhiteClock "0:00:35"]
[BlackClock "0:00:01"]

1. d4 Nf6 2. Nc3 d5 3. Bf4 e6 4. Nb5 Na6 5. e3 c6 6. Nc3 Bb4 7. Bxa6 bxa6 8. Ne2 a5 9. O-O Ba6 10. Re1 O-O 11. a3 Be7 12. h3 c5 13. Na4 Nd7 14. b3 Rc8 15. c3 c4 16. b4 Bb5 17. Bh2 axb4 18. axb4 a5 19. bxa5 Qxa5 20. Nc5 Qd8 21. Nxd7 Qxd7 22. Nf4 g6 23. Qg4 Kh8 24. h4 Ba4 25. h5 g5 26. h6 f5 27. Qg3 Bb3 28. Nh5 Kg8 29. Qe5 Rf7 30. Ra6 Rc6 31. Rea1 Qe8 32. Ng7 Qd7 33. Ra7 Qd8 34. Nxe6 1-0


[Site "https://www.chess.com"]

[Event "Titled Tuesday Blitz March 14 Early 2023"]
[White "Caruana, Fabiano"]
[Black "Vallejo Pons, Francisco"]
[WhiteFideId "2020009"]
[BlackFideId "2205530"]
[WhiteElo "2818"]
[BlackElo "2589"]
[Result "1-0"]
[Round "10"]
[TimeControl "180+2"]
[Date "2023.03.14"]
[WhiteClock "0:00:13"]
[BlackClock "0:00:02"]

1. d4 e6 2. e4 d5 3. e5 c5 4. c3 Nc6 5. Nf3 a6 6. Bd3 Qb6 7. O-O cxd4 8. cxd4 Bd7 9. Be2 Nh6 10. Bxh6 Qxb2 11. Nbd2 gxh6 12. Rb1 Qxa2 13. Rxb7 Rb8 14. Rxb8+ Nxb8 15. Nb3 Nc6 16. Qd3 Nb4 17. Qe3 Qb2 18. Nc5 Bxc5 19. dxc5 Nc6 20. Bxa6 Rg8 21. Bd3 Qc3 22. Rc1 Qa3 23. Rb1 Ke7 24. h3 Nb4 25. c6 Nxc6 26. Rb7 Rb8 27. Rxb8 Nxb8 28. Qxh6 Qxd3 29. Qf6+ Ke8 30. Qh8+ Ke7 31. Qxb8 1-0


[Site "https://www.chess.com"]

[Event "Titled Tuesday Blitz March 14 Early 2023"]
[White "Agasarov, Benik"]
[Black "Erigaisi Arjun"]
[WhiteFideId "13314823"]
[BlackFideId "35009192"]
[WhiteElo "2179"]
[BlackElo "2737"]
[Result "0-1"]
[Round "10"]
[TimeControl "180+2"]
[Date "2023.03.14"]
[WhiteClock "0:00:04"]
[BlackClock "0:00:15"]

1. d4 Nf6 2. c4 e6 3. Nc3 d5 4. Nf3 a6 5. cxd5 exd5 6. Bg5 Be6 7. e3 Nbd7 8. Bd3 Bd6 9. Bf4 Bxf4 10. exf4 Bg4 11. O-O O-O 12. h3 Bxf3 13. Qxf3 c6 14. Rad1 Re8 15. g4 Nf8 16. f5 h6 17. Qf4 N6h7 18. Kg2 Qf6 19. Kg3 h5 20. gxh5 Nd7 21. Rfe1 Qh6 22. Qxh6 gxh6 23. h4 Nhf6 24. Be2 Re7 25. Bf3 Rae8 26. Rxe7 Rxe7 27. Kf4 Nb6 28. b3 Nc8 29. Na4 Nd6 30. Nc5 Kf8 31. Nd3 Nde4 32. Rc1 Nd2 33. Ne5 Nxf3 34. Kxf3 Nxh5 35. b4 Re8 36. a4 f6 37. Nd7+ Kf7 38. Nc5 Ng7 39. Nxb7 Nxf5 40. Kf4 Nxd4 41. Nd6+ Kf8 42. Nxe8 Ne2+ 43. Ke3 Nxc1 44. Nxf6 Na2 45. Nd7+ Ke7 46. Nc5 Nxb4 47. Kd4 Kf6 48. Nd7+ Kf5 49. a5 Kf4 50. Kc5 Nc2 51. Kxc6 d4 52. Nc5 Kf3 53. Kb6 Nb4 54. Nb3 d3 55. Kc5 Nc2 56. Kc4 Ke2 57. Nc1+ Kxf2 58. Nxd3+ Kg3 59. Nc5 Ne3+ 60. Kd3 Nd5 61. Nxa6 Kxh4 62. Kd4 Ne7 63. Nb4 Kg3 64. a6 Nc8 65. Nc6 h5 66. a7 Nxa7 67. Nxa7 h4 68. Nc6 h3 69. Ne7 h2 70. Nf5+ Kf4 71. Ne3 h1=Q 72. Nd5+ Kf5 73. Ne3+ Ke6 74. Kd3 Qf3 75. Kd4 Qf4+ 76. Kd3 Ke5 77. Nc4+ Kd5 78. Ne3+ Kc5 79. Nc2 Qg3+ 80. Ne3 Qf3 0-1


[Site "https://www.chess.com"]